 Dungeon Crawl Stone Soup version 0.26-a0-682-g294304f6e8 (webtiles) character file.

Game seed: 9006935181125847910

441 Kinoniko the Skirmisher (level 7, -4/76 HPs)
             Began as an Ogre Berserker on Oct 19, 2020.
             Was a Believer of Trog.
             Slain by a gnoll
             ... wielding a +0 whip
              (7 damage)
             ... on level 5 of the Dungeon.
             The game lasted 00:04:34 (3829 turns).

Kinoniko the Skirmisher (Ogre Berserker)            Turns: 3829, Time: 00:04:35

Health: -4/76      AC:  3    Str: 24    XL:     7   Next: 2%
Magic:  16/16      EV: 12    Int:  8    God:    Trog [**....]
Gold:   277        SH:  0    Dex:  8    Spells: 6/6 levels left

rFire    . . .     SeeInvis .   l - +5 spear
rCold    . . .     Faith    .   (no shield)
rNeg     . . .     Spirit   .   b - +0 animal skin
rPois    +         Reflect  .   (helmet restricted)
rElec    .         Harm     .   (no cloak)
rCorr    .         Rampage  .   (gloves unavailable)
MR       ++...     Rnd*Tele +   (boots unavailable)
Stlth    +.........             (no amulet)
HPRegen  1.22/turn              n - ring of poison resistance
MPRegen  0.15/turn              j - ring of magical power

@: berserk cooldown, regenerating, slowed, lightly drained, very slow
A: large, unfitting armour, repulsion field 1, deterioration 1, teleportitis 1,
tough skin 1
a: Berserk, Trog's Hand, Renounce Religion


You were on level 5 of the Dungeon.
You worshipped Trog.
Trog was pleased with you.
You visited 1 branch of the dungeon, and saw 5 of its levels.

You collected 277 gold pieces.

Inventory:

Hand Weapons
 a - a +0 spear
 e - a +4 spear
 l - a +5 spear (weapon)
Armour
 b - a +0 animal skin (worn)
Jewellery
 h - an uncursed ring of ice
 j - a ring of magical power (right hand)
 k - an uncursed ring of protection from fire
 n - a ring of poison resistance (left hand)
Scrolls
 c - 3 scrolls of identify {unknown}
 d - a scroll of enchant weapon {unknown}
 f - a scroll of fear {unknown}
 g - a scroll of enchant armour {unknown}
 i - a scroll of amnesia {unknown}
 m - a scroll of blinking {unknown}
 o - a scroll of teleportation {unknown}
 p - 3 scrolls of immolation {unknown}
 q - 4 scrolls of remove curse {unknown}
 t - a scroll of fog {unknown}
Potions
 r - 2 potions of might
 s - 2 potions of heal wounds
 u - a potion of curing {unknown}


   Skills:
 + Level 6.6(6.2) Fighting
 * Level 6.5(6.1) Polearms
 - Level 2.7(2.4) Dodging


You had 6 spell levels left.
You didn't know any spells.
Your spell library contained the following spells:

 Spells                   Type           Power        Failure   Level
 Corona                   Hex            #......      41%         1
 Ensorcelled Hibernation  Hex/Ice        #.....       54%         2
 Confusing Touch          Hex            #.......     78%         3
 Dazzling Flash           Conj/Hex       #.....       78%         3
 Tukima's Dance           Hex            #.......     78%         3


Dungeon Overview and Level Annotations

Branches:
Dungeon (5/15)
 Temple: D:4-7

Altars:
Dithmenos
Kikubaaqudgha
Trog

Annotations:
D:5 Menkaure


Innate Abilities, Weirdness & Mutations

You are too large for most types of armour.
You have tough skin. (AC +1)
You are surrounded by a mild repulsion field. (EV +2)
Your body sometimes deteriorates upon taking damage.
You are occasionally teleported next to monsters.


Message History

Menkaure calls on the powers of darkness!
The gnoll convulses! x2; Your body is wracked with pain!
* * * LOW HITPOINT WARNING * * *
The gnoll convulses!
A gnoll comes into view.
The gnoll barely misses you.
Your skin crawls.
You feel resistant to hostile enchantments.
The gnoll hits you but does no damage. The gnoll misses you.
The gnoll hits you with a +0 whip.
* * * LOW HITPOINT WARNING * * *
The gnoll hits you with a +0 spear!
* * * LOW HITPOINT WARNING * * *
An orc priest comes into view. It is wielding a +0 dagger.
The gnoll hits you from afar with a +0 halberd!
* * * LOW HITPOINT WARNING * * *
The gnoll hits you.
* * * LOW HITPOINT WARNING * * *
The gnoll hits you but does no damage. The gnoll hits you with a +0 whip!
You die...

....#.........#
..............
### ..........#
...# .###.......#
#..#
.....(....###...#
#MZ....#.... .
#g#).....###..
#g##..........
#@g##........#
#gg##<......#
o..(#.#.......
#.#..?.##...##.
#g ##[## ...# #.
#.. ..# .. #...
#... .. ...##
#... .g ##.


You could see Menkaure (fast), an orc priest, 6 gnolls and a quokka zombie.

Vanquished Creatures
  Blork the orc (D:5)
  A scorpion (D:4)
  3 wights (D:4)
  2 adders (D:2)
  10 gnolls
  An adder skeleton (D:4)
  A worm (D:2)
  2 dart slugs (D:1)
  2 leopard geckos (D:2)
  9 orcs
  2 ball pythons (D:3)
  10 bats
  3 giant cockroaches
  6 goblins
  6 hobgoblins
  8 kobolds
  5 frilled lizards
  7 rats
79 creatures vanquished.

Notes
Turn   | Place    | Note
-------+----------+-------------------------------------------
     0 | D:1      | Kinoniko the Ogre Berserker began the quest for the Orb.
     0 | D:1      | Reached XP level 1. HP: 24/24 MP: 1/1
    61 | D:1      | Reached XP level 2. HP: 32/32 MP: 2/2
   608 | D:1      | Reached XP level 3. HP: 40/40 MP: 3/3
  1095 | D:2      | Found a shadowy altar of Dithmenos.
  1109 | D:2      | Reached XP level 4. HP: 42/49 MP: 4/4
  1399 | D:2      | Reached skill level 5 in Fighting
  1853 | D:3      | Reached ** piety under Trog
  2162 | D:3      | Found a bloodstained altar of Trog.
  2465 | D:3      | Gained mutation: Your body sometimes deteriorates upon
                  | taking damage. [potion of mutation]
  2465 | D:3      | Gained mutation: You are occasionally teleported next to
                  | monsters. [potion of mutation]
  2465 | D:3      | Gained mutation: You are surrounded by a mild repulsion
                  | field. (EV +2) [potion of mutation]
  2686 | D:3      | Reached XP level 5. HP: 57/57 MP: 5/5
  2692 | D:3      | Reached skill level 5 in Polearms
  3185 | D:4      | Reached XP level 6. HP: 67/67 MP: 6/6
  3698 | D:4      | Found an ancient bone altar of Kikubaaqudgha.
  3812 | D:5      | Entered Level 5 of the Dungeon
  3812 | D:5      | Noticed Blork the orc
  3819 | D:5      | Noticed Menkaure
  3820 | D:5      | Killed Blork the orc
  3820 | D:5      | Reached XP level 7. HP: 76/76 MP: 7/7
  3829 | D:5      | HP: 3/76 [gnoll (5)]
  3829 | D:5      | Slain by a gnoll

Illustrated notes

Levels and vault maps discovered:
D:1:      tarquinn_simple_flora_water_a, layout_basic
D:2:      layout_basic, grunt_dithmenos_smoke
D:3:      layout_loops_corners, bloody_trog
D:4:      layout_rooms, nicolae_overflow_hidden_temple
D:5:      layout_cave_pools, minmay_temple_entry_proselytizer, uniq_menkaure,
          uniq_pikel, uniq_blork_the_orc

Skill      XL: |  1  2  3  4  5  6 |
---------------+-------------------+-----
Polearms       | 4 5 6 |  6.5
Fighting       | 5 6 |  6.6
Dodging        | |  2.7

Action                   |  1- 3 |  4- 6 |  7- 9 || total
-------------------------+-------+-------+-------++-------
Melee: Spear             |   111 |   148 |     3 ||   262
Invok: Berserk           |     1 |     6 |       ||     7
       Trog's Hand       |       |       |     1 ||     1
  Use: Potion            |       |     5 |       ||     5
 Stab: Sleeping          |     1 |     1 |       ||     2
Armor: Animal skin       |    23 |    23 |     2 ||    48
Dodge: Dodged            |    45 |    56 |     4 ||   105

Table legend: (Time is in decaauts)
 A = Elapsed time spent in this place.
 B = Non-inter-level travel time spent in this place.
 C = Inter-level travel time spent in this place.
 D = Time resting spent in this place.
 E = Time spent auto-exploring this place.
 F = Levels seen in this place.
 G = Mean time per level.
                   A        B        C        D        E       F      G
               +--------+--------+--------+--------+--------+-----+--------+
         Total |   3866 |   3733 |    133 |   1129 |   2152 |   5 |  773.2 |
       Dungeon |   3866 |   3733 |    133 |   1129 |   2152 |   5 |  773.2 |
               +--------+--------+--------+--------+--------+-----+--------+

Top non-repeatable levels by time:
     D:3: 1289 daAuts
     D:1: 1014 daAuts
     D:4: 778 daAuts
     D:2: 770 daAuts
     D:5: 13 daAuts
